 Dungeon Crawl Stone Soup version 0.25.1-2-g60ff931df9 (webtiles) character file.

Game seed: 2389498617345468795

2713 gbos the Blocker (level 9, -1/74 HPs)
             Began as a Gnoll Fighter on Nov 19, 2020.
             Was an Initiate of Cheibriados.
             Killed from afar by Maggie (6 damage)
             ... with a bolt of fire
             ... on level 8 of the Dungeon.
             The game lasted 00:01:10 (6533 turns).

gbos the Blocker (Gnoll Fighter)                    Turns: 6533, Time: 00:01:11

Health: -1/74      AC: 20    Str: 23    XL:     9   Next: 66%
Magic:  15/15      EV:  9    Int: 11    God:    Cheibriados [......]
Gold:   388        SH: 12    Dex: 16    Spells: 16/16 levels left

rFire    + . .     SeeInvis .   Y - +2 war axe
rCold    . . .     Gourm    .   c - +0 kite shield
rNeg     . . .     Faith    .   h - +2 chain mail {rF+}
rPois    +         Spirit   .   s - +0 helmet
rElec    .         Reflect  .   (no cloak)
rCorr    .         Harm     .   l - +0 pair of gloves
MR       .....                  v - +0 pair of boots
Stlth    ..........             (no amulet)
HPRegen  0.22/turn              b - +4 ring of protection
MPRegen  0.14/turn              k - ring of poison resistance

@: very slow
A: distributed training, fangs 1, strong nose
a: Bend Time, Renounce Religion


You were on level 8 of the Dungeon.
You worshipped Cheibriados.
Cheibriados was noncommittal.
You were hungry.

You visited 2 branches of the dungeon, and saw 9 of its levels.

You collected 388 gold pieces.


Innate Abilities, Weirdness & Mutations

Your experience applies equally to all skills.
You have very sharp teeth.
Your uncanny sense of smell can sniff out nearby items.


   Skills:
 + Level 8.0 Fighting
 + Level 4.4 Short Blades
 + Level 4.4 Long Blades
 + Level 6.4 Axes
 + Level 4.4 Maces & Flails
 + Level 4.4 Polearms
 + Level 4.4 Staves
 + Level 4.4 Slings
 + Level 4.4 Bows
 + Level 4.4 Crossbows
 + Level 4.4 Throwing
 + Level 8.0 Armour
 + Level 4.4 Dodging
 + Level 4.4 Stealth
 + Level 8.0 Shields
 + Level 4.4 Unarmed Combat
 + Level 4.4 Spellcasting
 + Level 3.6 Conjurations
 + Level 3.6 Hexes
 + Level 3.6 Charms
 + Level 3.6 Summonings
 + Level 3.6 Necromancy
 + Level 3.6 Translocations
 + Level 3.6 Transmutations
 + Level 3.6 Fire Magic
 + Level 3.6 Ice Magic
 + Level 3.6 Air Magic
 + Level 3.6 Earth Magic
 + Level 3.6 Poison Magic
 + Level 4.8 Invocations
 + Level 4.4 Evocations


You had 16 spell levels left.
You didn't know any spells.
Your spell library was empty.

Inventory:

Hand Weapons
 a - a +1 flail of protection
 Y - a +2 war axe (weapon)
Armour
 c - a +0 kite shield (worn)
 h - a +2 chain mail of fire resistance (worn)
 l - a +0 pair of gloves (worn)
 s - a +0 helmet (worn)
 v - a +0 pair of boots (worn)
 w - a +0 plate armour
Jewellery
 b - a +4 ring of protection (left hand)
 k - a ring of poison resistance (right hand)
Wands
 n - a wand of disintegration (6)
Scrolls
 i - 2 scrolls of remove curse
 r - a scroll of identify
Potions
 d - 2 potions of might
 f - a potion of resistance
 j - a potion of heal wounds {unknown}
 m - a potion of cancellation {unknown}
 o - 2 potions of curing
 p - a potion of invisibility {unknown}
 q - a potion of ambrosia {unknown}
 t - a potion of haste {unknown}
 u - a potion of berserk rage {unknown}
 x - a potion of lignification {unknown}
Comestibles
 e - 12 rations

Dungeon Overview and Level Annotations

Branches:
Dungeon (8/15)             Temple (1/1) D:7
   Lair: D:8-11

Altars:
Ashenzari
Cheibriados
Dithmenos
Elyvilon
Fedhas
Gozag
Hepliaklqana
Kikubaaqudgha
Makhleb
Nemelex Xobeh
Okawaru
Qazlal
Ru
Sif Muna
Trog
Uskayaw
Vehumet
Wu Jian
Xom
Yredelemnul
Zin
The Shining One

Annotations:
D:8 Maggie


Message History

You bite the orc warrior.
The orc warrior is lightly wounded.
Maggie casts a spell at you. The bolt of fire hits you. You resist.
The orc warrior hits you but does no damage.
Your shield and chain mail prevent you from hitting the orc warrior.
You bite the orc warrior, but do no damage.
The orc warrior is lightly wounded.
Maggie smiles, but it's obviously fake.
The orc warrior hits you with a +0 war axe!
Maggie mumbles the words to a spell, but in the wrong order.
You hit the orc warrior. Your bite misses the orc warrior.
The orc warrior is lightly wounded.
You block the orc warrior's attack.
You slash the orc warrior! Your bite misses the orc warrior.
The orc warrior is severely wounded.
The orc warrior hits you but does no damage.
Maggie points at you and mumbles some strange words.
The bolt of fire hits you. You resist.
You die...

#............# #.#
###...######.# #.##
#.######...######.###..########
#...................:.........#
#..#####...)........##.######.#
..........########..##<#
########..# #..##.#
#..########..##..
#.......@o#..####.
##.#####))...... .. #.#
#@.#..### ## #.# #..#..# #.#
#..#{ # ... #.(# ... #..# ..
....{ { #..#


You could see Maggie and an orc warrior.

Vanquished Creatures
  Erica (D:8)
  A deep elf mage (D:8)
  Sigmund (D:4)
  A hippogriff (D:7)
  A spriggan (D:7)
  Edmund (D:6)
  An ice beast (D:6)
  2 centaurs (D:6)
  2 ogres (D:4)
  A bullfrog (D:7)
  4 crimson imps
  A jelly (D:7)
  2 orc priests (D:7)
  3 hounds
  A centaur skeleton (D:5)
  2 worker ants
  An iguana (D:7)
  2 orc wizards (D:7)
  A gnoll (D:1)
  6 adders
  A shadow imp (D:6)
  An ooze (D:3)
  3 adder skeletons
  2 worms
  A dart slug (D:1)
  6 leopard geckos
  12 orcs
  5 bats
  5 giant cockroaches
  4 hobgoblins
  5 jackals (D:3)
  6 kobolds
  4 quokkas
  A ball python (D:6)
  4 frilled lizards
  9 goblins
  A leopard gecko skeleton (D:4)
  A leopard gecko zombie (D:5)
  A quokka skeleton (D:7)
  8 rats
115 creatures vanquished.

Notes
Turn   | Place    | Note
-------+----------+-------------------------------------------
     0 | D:1      | gbos the Gnoll Fighter began the quest for the Orb.
     0 | D:1      | Reached XP level 1. HP: 23/23 MP: 1/1
     0 | D:1      | 0 ||| counter = 265
    82 | D:1      | Reached XP level 2. HP: 29/29 MP: 2/2
   253 | D:1      | Reached XP level 3. HP: 35/35 MP: 3/3
   305 | D:1      | 305 ||| DROPPING +0 club.
   538 | D:1      | 538 ||| UPGRADING to chain mail.
   548 | D:1      | 548 ||| DROPPING +0 scale mail.
   549 | D:1      | 549 ||| UPGRADING to pair of gloves.
   554 | D:1      | 554 ||| READING scroll labeled MYUC FIUPTO.
   555 | D:1      | 555 ||| READING scroll labeled ROEKLA SOPPA.
   721 | D:2      | Reached skill level 1 in Invocations
   883 | D:2      | Reached skill level 1 in Short Blades
   883 | D:2      | Reached skill level 1 in Long Blades
   883 | D:2      | Reached skill level 1 in Maces & Flails
   883 | D:2      | Reached skill level 1 in Polearms
   883 | D:2      | Reached skill level 1 in Staves
   883 | D:2      | Reached skill level 1 in Slings
   883 | D:2      | Reached skill level 1 in Bows
   883 | D:2      | Reached skill level 1 in Crossbows
   883 | D:2      | Reached skill level 1 in Throwing
   883 | D:2      | Reached skill level 1 in Dodging
   883 | D:2      | Reached skill level 1 in Stealth
   883 | D:2      | Reached skill level 1 in Unarmed Combat
   883 | D:2      | Reached skill level 1 in Spellcasting
   883 | D:2      | Reached skill level 1 in Evocations
   925 | D:2      | Reached XP level 4. HP: 41/41 MP: 5/5
  1382 | D:2      | 1382 ||| READING scroll labeled BUNEMN MUUST.
  1383 | D:2      | 1383 ||| READING scroll labeled HOMACO FAREEM.
  1384 | D:2      | 1384 ||| READING scroll labeled WYOCZEC RUNE.
  1433 | D:3      | 1433 ||| UPGRADING to mace.
  1434 | D:3      | 1434 ||| SWAPPING to +0 war axe.
  1724 | D:3      | Reached skill level 1 in Conjurations
  1724 | D:3      | Reached skill level 1 in Hexes
  1724 | D:3      | Reached skill level 1 in Charms
  1724 | D:3      | Reached skill level 1 in Summonings
  1724 | D:3      | Reached skill level 1 in Necromancy
  1724 | D:3      | Reached skill level 1 in Translocations
  1724 | D:3      | Reached skill level 1 in Transmutations
  1724 | D:3      | Reached skill level 1 in Fire Magic
  1724 | D:3      | Reached skill level 1 in Ice Magic
  1724 | D:3      | Reached skill level 1 in Air Magic
  1724 | D:3      | Reached skill level 1 in Earth Magic
  1724 | D:3      | Reached skill level 1 in Poison Magic
  2269 | D:3      | 2269 ||| UPGRADING to +2 chain mail of fire resistance.
  2279 | D:3      | 2279 ||| DROPPING +0 chain mail.
  2280 | D:3      | 2280 ||| READING 2 scrolls labeled BOENTU VILLUS.
  2281 | D:3      | 2281 ||| READING scroll of identify.
  2281 | D:3      | 2281 ||| IDENTIFYING scratched diamond ring
  2282 | D:3      | 2282 ||| UPGRADING to +4 ring of protection.
  2426 | D:4      | 2426 ||| EATING 3 rations.
  2475 | D:4      | Noticed an ogre
  2483 | D:4      | Killed an ogre
  2483 | D:4      | Reached XP level 5. HP: 30/47 MP: 5/7
  2500 | D:4      | Reached XP level 6. HP: 31/53 MP: 8/8
  2974 | D:4      | 2974 ||| DROPPING +0 mace.
  2975 | D:4      | 2975 ||| UPGRADING to flail.
  2976 | D:4      | 2976 ||| SWAPPING to +0 war axe.
  2978 | D:4      | Noticed Sigmund
  2999 | D:4      | Killed Sigmund
  2999 | D:4      | Reached XP level 7. HP: 20/59 MP: 8/10
  3414 | D:4      | 3414 ||| READING scroll labeled ODIHEO MITU.
  3417 | D:4      | 3417 ||| DRINKING 2 purple potions.
  3418 | D:4      | 3418 ||| READING 3 scrolls of identify.
  3418 | D:4      | 3418 ||| IDENTIFYING dented filigree amulet
  3419 | D:4      | 3419 ||| DROPPING amulet of magic regeneration.
  3420 | D:4      | 3420 ||| READING 2 scrolls of identify.
  3420 | D:4      | 3420 ||| IDENTIFYING tubular ivory ring
  3421 | D:4      | 3421 ||| DROPPING ring of wizardry.
  3459 | D:5      | Entered Level 5 of the Dungeon
  3497 | D:5      | 3497 ||| UPGRADING to glowing flail.
  3498 | D:5      | 3498 ||| READING scroll of remove curse.
  3499 | D:5      | 3499 ||| SWAPPING to +0 war axe.
  3500 | D:5      | 3500 ||| DROPPING -2 flail.
  3504 | D:5      | 3504 ||| EATING 4 rations.
  3935 | D:5      | 3935 ||| READING scroll labeled VIEPSI KOAROGA.
  3936 | D:5      | 3936 ||| DRINKING 3 smoky silvery potions.
  3993 | D:6      | Noticed Edmund
  4016 | D:6      | Killed Edmund
  4072 | D:6      | 4072 ||| DROPPING +0 flail.
  4097 | D:6      | Reached skill level 3 in Invocations
  4167 | D:6      | Reached XP level 8. HP: 64/67 MP: 12/12
  4537 | D:6      | Found a blossoming altar of Fedhas.
  4798 | D:6      | Reached skill level 3 in Short Blades
  4798 | D:6      | Reached skill level 3 in Long Blades
  4798 | D:6      | Reached skill level 3 in Maces & Flails
  4798 | D:6      | Reached skill level 3 in Polearms
  4798 | D:6      | Reached skill level 3 in Staves
  4798 | D:6      | Reached skill level 3 in Slings
  4798 | D:6      | Reached skill level 3 in Bows
  4798 | D:6      | Reached skill level 3 in Crossbows
  4798 | D:6      | Reached skill level 3 in Throwing
  4798 | D:6      | Reached skill level 3 in Dodging
  4798 | D:6      | Reached skill level 3 in Stealth
  4798 | D:6      | Reached skill level 3 in Unarmed Combat
  4798 | D:6      | Reached skill level 3 in Spellcasting
  4798 | D:6      | Reached skill level 3 in Evocations
  4851 | D:6      | 4851 ||| UPGRADING to plate armour.
  4861 | D:6      | 4861 ||| UPGRADING to +2 chain mail of fire resistance.
  4871 | D:6      | 4871 ||| READING 3 scrolls of identify.
  4871 | D:6      | 4871 ||| IDENTIFYING runed pearl ring
  4872 | D:6      | 4872 ||| DROPPING cursed -4 ring of dexterity.
  4873 | D:6      | 4873 ||| READING 2 scrolls of identify.
  4873 | D:6      | 4873 ||| IDENTIFYING orange potion
  4874 | D:6      | 4874 ||| DROPPING potion of flight.
  4928 | D:7      | 4928 ||| STAIRDANCE
  5043 | D:7      | Found a staircase to the Ecumenical Temple.
  5059 | Temple   | Entered the Ecumenical Temple
  5060 | Temple   | 5060 ||| Entered T.
  5169 | Temple   | Became a worshipper of Cheibriados the Contemplative
  5240 | D:7      | Noticed a hippogriff
  5247 | D:7      | HP: 14/67 [orc priest/divine providence (13)]
  5248 | D:7      | 5248 ||| READING scroll of teleportation.
  5255 | D:7      | HP: 7/67 [acid (3)]
  5279 | D:7      | HP: 9/67 [hippogriff (3)]
  5280 | D:7      | HP: 4/67 [hippogriff (5)]
  5283 | D:7      | Killed a hippogriff
  5591 | D:7      | 5591 ||| EATING 9 rations.
  5920 | D:7      | 5920 ||| READING scroll of enchant weapon.
  5920 | D:7      | 5920 ||| ENCHANTING +1 war axe.
  6174 | D:7      | Noticed a spriggan baker
  6198 | D:7      | Killed a spriggan baker
  6198 | D:7      | Reached skill level 3 in Conjurations
  6198 | D:7      | Reached skill level 3 in Hexes
  6198 | D:7      | Reached skill level 3 in Charms
  6198 | D:7      | Reached skill level 3 in Summonings
  6198 | D:7      | Reached skill level 3 in Necromancy
  6198 | D:7      | Reached skill level 3 in Translocations
  6198 | D:7      | Reached skill level 3 in Transmutations
  6198 | D:7      | Reached skill level 3 in Fire Magic
  6198 | D:7      | Reached skill level 3 in Ice Magic
  6198 | D:7      | Reached skill level 3 in Air Magic
  6198 | D:7      | Reached skill level 3 in Earth Magic
  6198 | D:7      | Reached skill level 3 in Poison Magic
  6198 | D:7      | Reached XP level 9. HP: 58/72 MP: 14/14
  6338 | D:7      | Reached skill level 6 in Axes
  6424 | D:7      | 6424 ||| UPGRADING to helmet.
  6429 | D:7      | 6429 ||| UPGRADING to pair of boots.
  6434 | D:7      | 6434 ||| UPGRADING to tubular silver ring.
  6435 | D:7      | 6435 ||| READING scroll labeled YFECY HEOCZIOTA.
  6503 | D:8      | Noticed Erica
  6509 | D:8      | Noticed a deep elf mage
  6514 | D:8      | Killed Erica
  6527 | D:8      | Noticed Maggie
  6528 | D:8      | Killed a deep elf mage
  6531 | D:8      | HP: 5/74 [orc warrior/+0 war axe (15)]
  6533 | D:8      | Killed from afar by Maggie

Levels and vault maps discovered:
D:1:      evilmike_arrival_fibonacci_small, layout_basic
D:2:      layout_loops_ring
D:3:      layout_loops_corners
D:4:      layout_gridville, uniq_sigmund
D:5:      layout_basic, first_ration
D:6:      layout_basic, fedhas_bush_and_centaur_altar, nicolae_benzene_ring,
          minmay_misc_feat_four_crosses, uniq_edmund
D:7:      layout_basic, minmay_temple_entry_trees, the_bakery
D:8:      layout_loops_ring, uniq_erica, uniq_maggie
Temple:   kilobyte_greek_temple

Skill      XL: |  1  2  3  4  5  6  7  8  9 |
---------------+----------------------------+-----
Invocations    | 1 2 3 4 |  4.8
Short Blades   | 1 2 3 4 |  4.4
Long Blades    | 1 2 3 4 |  4.4
Maces & Flails | 1 2 3 4 |  4.4
Polearms       | 1 2 3 4 |  4.4
Staves         | 1 2 3 4 |  4.4
Slings         | 1 2 3 4 |  4.4
Bows           | 1 2 3 4 |  4.4
Crossbows      | 1 2 3 4 |  4.4
Throwing       | 1 2 3 4 |  4.4
Dodging        | 1 2 3 4 |  4.4
Stealth        | 1 2 3 4 |  4.4
Unarmed Combat | 1 2 3 4 |  4.4
Spellcasting   | 1 2 3 4 |  4.4
Evocations     | 1 2 3 4 |  4.4
Conjurations   | 1 2 3 |  3.6
Hexes          | 1 2 3 |  3.6
Charms         | 1 2 3 |  3.6
Summonings     | 1 2 3 |  3.6
Necromancy     | 1 2 3 |  3.6
Translocations | 1 2 3 |  3.6
Transmutations | 1 2 3 |  3.6
Fire Magic     | 1 2 3 |  3.6
Ice Magic      | 1 2 3 |  3.6
Air Magic      | 1 2 3 |  3.6
Earth Magic    | 1 2 3 |  3.6
Poison Magic   | 1 2 3 |  3.6
Axes           | 5 6 |  6.4
Fighting       | 7 8 |  8.0
Armour         | 7 8 |  8.0
Shields        | 7 8 |  8.0

Action                   |  1- 3 |  4- 6 |  7- 9 || total
-------------------------+-------+-------+-------++-------
Melee: War axe           |    73 |   128 |   238 ||   439
       Bite              |     8 |    12 |    31 ||    51
  Use: Scroll            |     2 |     5 |    10 ||    17
       Potion            |       |       |     2 ||     2
  Eat: Chunk             |       |     4 |     4 ||     8
       Ration            |       |     1 |     2 ||     3
Armor: Scale mail        |    12 |       |       ||    12
       Chain mail        |    11 |    65 |   105 ||   181
Dodge: Dodged            |     9 |    25 |    63 ||    97
Block: Kite shield       |    29 |    71 |   130 ||   230

Table legend:
 A = Non-vault XP
 B = Vault XP
 C = Vault XP percentage of total XP
 D = Non-vault monster count
 E = Vault monster count
 F = Vault count percentage of total count
                 A         B        C        D         E       F
            +---------+---------+-------+---------+---------+-------
      Total |    2251 |    1625 |  41.9 |     110 |       5 |   4.3
            +---------+---------+-------+---------+---------+-------
        D:1 |      46 |       0 |   0.0 |      19 |       0 |   0.0
        D:2 |      76 |       0 |   0.0 |      21 |       0 |   0.0
        D:3 |      35 |       0 |   0.0 |      15 |       0 |   0.0
        D:4 |     329 |     227 |  40.8 |       9 |       1 |  10.0
        D:5 |     122 |       0 |   0.0 |      12 |       0 |   0.0
        D:6 |     418 |     276 |  39.8 |      10 |       2 |  16.7
        D:7 |     712 |     215 |  23.2 |      21 |       1 |   4.5
        D:8 |     513 |     907 |  63.9 |       3 |       1 |  25.0
            +---------+---------+-------+---------+---------+-------
